Sharks vs Predators

Created - December 5, 2019 at 19:08

Goals
1 2 3 T
Sharks 0 2 0 2
Predators 0 3 1 4
Shots
1 2 3 T
Sharks 11 7 12 30
Predators 15 14 11 40

1st period

No Goal

Penalties :
Nik Antropov (Nas) for Tripping (Minor) at 7:32, Martins Karsums (SJS) for Holding (Minor) at 16:38

2nd period

1. Predators , Alexander Edler 6 (Mikael Granlund 14, Brendan Gallagher 10) at 15:31 (PP)
2. Predators , Brendan Gallagher 9 (Mikael Granlund 15, Alexander Ovechkin 25) at 15:43
3. Predators , Alexander Ovechkin 9 (Mikael Granlund 16, Ryan Mcdonagh 7) at 16:43 (PP)
4. Sharks , Jason Spezza 10 (Drew Doughty 17, Ben Lovejoy 5) at 17:57 (PP)
5. Sharks , Brandon Dubinsky 6 (Jason Spezza 14) at 18:31

Penalties :
Brendan Gallagher (Nas) for High sticking (Minor) at 3:15, Stefan Ruzicka (SJS) for Charging (Minor) at 7:33, Stefan Ruzicka (SJS) for Holding (Minor) at 15:12, Bobby Butler (SJS) for Roughing (Minor) at 15:50, Alexander Edler (Nas) for High sticking (Minor) at 17:18

3rd period

6. Predators , Brendan Gallagher 10 (Mikael Granlund 17, Alexander Ovechkin 26) at 11:58

Penalties :
Alexander Ovechkin (Nas) for Holding (Minor) at 1:59, Bobby Butler (SJS) for Interference (Minor) at 12:22

Goalie Stats

Ryan Miller (SJS), 36 saves from 40 shots - (0.900), L, 7-7-1, 60:00 minutes
Viktor Fasth (Nas), 28 saves from 30 shots - (0.933), W, 12-4-1, 60:00 minutes

Players Stats for Sharks

Player Name              G  A  P  +/- PIM S  H  SB GA TA FO     MP     PP MP  PK MP  
------------------------------------------------------------------------------------
Adam Larsson             0  0  0   0  0   0  0  1  0  1  0/0    18:22   2:24   2:37 
Alec Martinez            0  0  0   0  0   0  0  0  0  0  0/0     3:00   0:00   0:00 
Ben Lovejoy              0  1  1  -1  0   2  2  0  0  0  0/0    25:04   4:12   4:32 
Bobby Butler             0  0  0  -2  4   3  0  0  0  0  1/1    18:38   3:36   0:00 
Brandon Dubinsky         1  0  1   1  0   1  2  0  0  2  8/15   17:19   2:47   0:08 
David Rundblad           0  0  0   0  0   1  1  1  0  2  0/0    18:22   2:24   2:37 
Drew Doughty             0  1  1  -1  0   3  4  3  2  0  0/0    27:28   4:12   4:32 
Jason Spezza             1  1  2  -2  0   4  2  1  1  0  13/33  25:04   3:36   4:08 
Martins Karsums          0  0  0   0  2   0  1  0  0  0  0/0    13:02   0:00   0:00 
Matt Carle               0  0  0   0  0   0  1  0  0  0  0/0    13:34   0:00   0:00 
Matt Corrente            0  0  0   0  0   2  2  0  0  0  0/0    14:10   0:00   0:00 
Mike Cammalleri          0  0  0  -2  0   3  1  0  1  1  0/1    25:09   3:38   4:02 
Milan Michalek           0  0  0   1  0   0  1  1  1  0  1/3    19:03   2:47   2:55 
Nikolai Kulemin          0  0  0   0  0   1  1  0  0  0  1/1     5:33   0:00   0:58 
Oskar Osala              0  0  0   0  0   4  1  1  0  0  0/0    14:40   0:00   2:07 
Stefan Ruzicka           0  0  0   1  4   3  1  0  0  0  0/0    17:10   2:47   0:00 
T.J. Hensick             0  0  0   0  0   2  1  2  1  0  2/9    13:43   0:15   0:00 
Zach Boychuk             0  0  0   0  0   1  0  0  0  0  0/0     3:25   0:22   0:00 

Players Stats for Predators

Player Name              G  A  P  +/- PIM S  H  SB GA TA FO     MP     PP MP  PK MP  
------------------------------------------------------------------------------------
Adam Burish              0  0  0   0  0   2  4  1  0  0  0/1    13:19   0:00   4:22 
Alexander Edler          1  0  1   0  2   5  0  2  0  0  0/0    26:55   4:32   3:42 
Alexander Ovechkin       1  2  3   2  2   3  2  0  1  1  3/4    19:36   4:27   1:28 
Alexander Steen          0  0  0   0  0   2  0  0  1  0  1/1     9:59   0:00   0:11 
Andy Miele               0  0  0  -1  0   1  3  0  1  0  4/6    16:36   2:42   0:00 
Brendan Gallagher        2  1  3   2  2   6  3  0  0  0  2/2    19:13   4:27   0:55 
Byron Bitz               0  0  0   0  0   0  1  0  0  0  0/1    11:12   0:00   1:40 
Denis Grebeshkov         0  0  0   1  0   1  1  0  0  0  0/0    12:04   0:27   0:00 
James Van Riemsdyk       0  0  0  -1  0   4  0  0  0  0  0/0    16:36   2:42   0:00 
John Moore               0  0  0   0  0   2  0  0  2  1  0/0    20:21   2:10   2:15 
Justin Abdelkader        0  0  0   0  0   4  0  0  0  0  5/8    13:19   0:00   4:22 
Mikael Granlund          0  4  4   2  0   2  4  1  0  1  15/27  18:00   4:27   0:00 
Nate Schmidt             0  0  0   1  0   1  0  1  0  0  0/0    14:30   0:21   2:15 
Niclas Bergfors          0  0  0  -1  0   3  1  0  1  0  0/0    16:36   2:42   0:00 
Nik Antropov             0  0  0   0  2   1  1  0  0  0  5/8     9:41   0:00   0:00 
Ryan Mcdonagh            0  1  1   0  0   1  1  2  0  2  0/0    27:35   4:32   4:21 
Ryan Murray              0  0  0   0  0   2  1  0  0  1  0/0    18:34   2:16   0:39 
Scott Laughton           0  0  0   0  0   0  1  0  0  0  2/5     9:14   0:00   0:14 

3 Stars

1 - Mikael Granlund (Nas)
2 - Brendan Gallagher (Nas)
3 - Alexander Ovechkin (Nas)

Power Play

Sharks - 1 on 4 Attempt(s) - 25.00%
Predators - 2 on 5 Attempt(s) - 40.00%

Penalty Kill

Sharks - 3 on 5 Attempt(s) - 60.00% - Score 0 goal in Penalty Kill
Predators - 3 on 4 Attempt(s) - 75.00% - Score 0 goal in Penalty Kill

Team Stat

Sharks - Hits : 21 - Faceoff Wins : 26 - Blocked Shots : 10 - Penalty Minutes : 10
Predators - Hits : 23 - Faceoff Wins : 37 - Blocked Shots : 7 - Penalty Minutes : 8

Official

Referees : Unknown
Linesman : Unknown

Game Notes

No Game Note

Finance

Level 1 -- Attendance: 4647 (77.45%) -- Ticket Income $534,405
Level 2 -- Attendance: 3751 (75.02%) -- Ticket Income $281,325
Level 3 -- Attendance: 1353 (67.65%) -- Ticket Income $67,650
Level 4 -- Attendance: 2713 (67.83%) -- Ticket Income $100,381
Luxury Box -- Attendance: 790 (79.00%) -- Ticket Income $169,850
Game was played at the Wildcat center.
Total Attendance: 13254 (73.63%)
Total Ticket Income: $1,153,611
Other Income: $173,042
Total Income: $1,326,653

Sharks

5 vs 5 Forward 
   Center                   Left Wing                Right Wing               Time % Phy DF OF 
 1 Jason Spezza             Mike Cammalleri          Bobby Butler             40     1   2  2  
 2 Brandon Dubinsky         Milan Michalek           Stefan Ruzicka           30     1   2  2  
 3 T.J. Hensick             Oskar Osala              Martins Karsums          20     1   2  2  
 4 Jason Spezza             Nikolai Kulemin          Mike Cammalleri          10     1   2  2  

5 vs 5 Defense 
   Defense                  Defense                                           Time % Phy DF OF 
 1 Drew Doughty             Ben Lovejoy                                       40     1   2  2  
 2 Adam Larsson             David Rundblad                                    30     1   2  2  
 3 Matt Corrente            Matt Carle                                        20     1   2  2  
 4 Alec Martinez            Drew Doughty                                      10     1   2  2  

PowerPlay Forward 
   Center                   Left Wing                Right Wing               Time % Phy DF OF 
 1 Jason Spezza             Mike Cammalleri          Bobby Butler             60     1   2  2  
 2 Brandon Dubinsky         Milan Michalek           Stefan Ruzicka           40     1   2  2  

PowerPlay Defense
   Defense                  Defense                                           Time % Phy DF OF 
 1 Drew Doughty             Ben Lovejoy                                       60     1   2  2  
 2 Adam Larsson             David Rundblad                                    40     1   2  2  

Penalty Kill 4 Players Forward 
   Center                   Wing                     Time % Phy DF OF 
 1 Jason Spezza             Mike Cammalleri          60     1   2  2  
 2 Milan Michalek           Oskar Osala              40     1   2  2  

Penalty Kill 4 Players Defense
   Defense                  Defense                  Time % Phy DF OF 
 1 Drew Doughty             Ben Lovejoy              60     1   2  2  
 2 Adam Larsson             David Rundblad           40     1   2  2  

Penalty Kill - 3 Players Forward 
   Forward                                           Time % Phy DF OF 
 1 Jason Spezza                                      60     1   2  2  
 2 Mike Cammalleri                                   40     1   2  2  

Penalty Kill - 3 Players Defense
   Defense                  Defense                  Time % Phy DF OF 
 1 Drew Doughty             Ben Lovejoy              60     1   2  2  
 2 Adam Larsson             David Rundblad           40     1   2  2  

4 vs 4 Forward 
   Center                   Wing                     Time % Phy DF OF 
 1 Jason Spezza             Mike Cammalleri          60     1   2  2  
 2 Milan Michalek           Oskar Osala              40     1   2  2  

4 vs 4 Defense
   Defense                  Defense                  Time % Phy DF OF 
 1 Drew Doughty             Ben Lovejoy              60     1   2  2  
 2 Adam Larsson             David Rundblad           40     1   2  2  

Last Minutes Offensive
   Center                   Left Wing                Right Wing               Defense                  Defense                  
   Jason Spezza             Mike Cammalleri          Bobby Butler             Drew Doughty             Ben Lovejoy              

Last Minutes Defensive
   Center                   Left Wing                Right Wing               Defense                  Defense                  
   Jason Spezza             Mike Cammalleri          Bobby Butler             Drew Doughty             Ben Lovejoy              

Goaltenders
Starting : Ryan Miller              
Backup : Anders Nilsson           

Extra Forwards
Normal : Zach Boychuk, T.J. Hensick, Nikolai Kulemin - PP : Zach Boychuk, T.J. Hensick - PK : Nikolai Kulemin
Extra Defensemen
Normal : Matt Corrente, Matt Carle, Alec Martinez - PP : Matt Corrente - PK : Matt Carle, Alec Martinez
Penalty Shots
Jason Spezza, Mike Cammalleri, Milan Michalek, Oskar Osala, Brandon Dubinsky

Scratches
Andrej Sekera (Broken Right Foot Toe Injury), Luke Adam (Healthy), Jiri Tlusty (Healthy)

Predators

5 vs 5 Forward 
   Center                   Left Wing                Right Wing               Time % Phy DF OF 
 1 Mikael Granlund          Alexander Ovechkin       Brendan Gallagher        40     1   1  3  
 2 Andy Miele               James Van Riemsdyk       Niclas Bergfors          30     1   2  2  
 3 Nik Antropov             Alexander Steen          Byron Bitz               16     1   2  2  
 4 Scott Laughton           Justin Abdelkader        Adam Burish              14     3   0  2  

5 vs 5 Defense 
   Defense                  Defense                                           Time % Phy DF OF 
 1 Ryan Mcdonagh            Alexander Edler                                   40     1   2  2  
 2 John Moore               Ryan Murray                                       30     1   2  2  
 3 Nate Schmidt             Denis Grebeshkov                                  20     1   2  2  
 4 Ryan Mcdonagh            Alexander Edler                                   10     1   2  2  

PowerPlay Forward 
   Center                   Left Wing                Right Wing               Time % Phy DF OF 
 1 Mikael Granlund          Alexander Ovechkin       Brendan Gallagher        60     1   1  3  
 2 Andy Miele               James Van Riemsdyk       Niclas Bergfors          40     1   1  3  

PowerPlay Defense
   Defense                  Defense                                           Time % Phy DF OF 
 1 Ryan Mcdonagh            Alexander Edler                                   60     1   1  3  
 2 John Moore               Ryan Murray                                       40     1   1  3  

Penalty Kill 4 Players Forward 
   Center                   Wing                     Time % Phy DF OF 
 1 Justin Abdelkader        Adam Burish              60     1   2  2  
 2 Alexander Ovechkin       Byron Bitz               40     1   2  2  

Penalty Kill 4 Players Defense
   Defense                  Defense                  Time % Phy DF OF 
 1 Ryan Mcdonagh            Alexander Edler          60     1   3  1  
 2 John Moore               Nate Schmidt             40     1   3  1  

Penalty Kill - 3 Players Forward 
   Forward                                           Time % Phy DF OF 
 1 Adam Burish                                       60     1   2  2  
 2 Brendan Gallagher                                 40     1   2  2  

Penalty Kill - 3 Players Defense
   Defense                  Defense                  Time % Phy DF OF 
 1 Ryan Mcdonagh            Alexander Edler          60     1   3  1  
 2 John Moore               Nate Schmidt             40     1   3  1  

4 vs 4 Forward 
   Center                   Wing                     Time % Phy DF OF 
 1 Mikael Granlund          Alexander Ovechkin       60     1   2  2  
 2 Andy Miele               Niclas Bergfors          40     1   2  2  

4 vs 4 Defense
   Defense                  Defense                  Time % Phy DF OF 
 1 Ryan Mcdonagh            Alexander Edler          60     1   2  2  
 2 John Moore               Ryan Murray              40     1   2  2  

Last Minutes Offensive
   Center                   Left Wing                Right Wing               Defense                  Defense                  
   Mikael Granlund          Alexander Ovechkin       Brendan Gallagher        Ryan Mcdonagh            Alexander Edler          

Last Minutes Defensive
   Center                   Left Wing                Right Wing               Defense                  Defense                  
   Andy Miele               Alexander Ovechkin       Brendan Gallagher        Ryan Mcdonagh            Alexander Edler          

Goaltenders
Starting : Viktor Fasth             
Backup : Anders Lindback          

Extra Forwards
Normal : Alexander Steen, Justin Abdelkader, Adam Burish - PP : James Van Riemsdyk, Justin Abdelkader - PK : Brendan Gallagher
Extra Defensemen
Normal : Denis Grebeshkov, Nate Schmidt, John Moore - PP : Denis Grebeshkov - PK : Ryan Murray, Denis Grebeshkov
Penalty Shots
Alexander Ovechkin, Niclas Bergfors, James Van Riemsdyk, Mikael Granlund, Alexander Steen

Scratches
Dmitri Kalinin (Healthy), Ryan Kesler (Right Eye Injury)

% Time on Ice - Sharks

Lines # - Real PCT - Wanted PCT - Time Play
Normal Forward
1 - 33% - 40% - 15:12
2 - 33% - 30% - 15:10
3 - 27% - 20% - 12:33
4 - 7% - 10% - 3:20
Normal Defense
1 - 35% - 40% - 16:20
2 - 29% - 30% - 13:21
3 - 29% - 20% - 13:34
4 - 6% - 10% - 3:00
PP Forward
1 - 58% - 60% - 3:49
2 - 42% - 40% - 2:47
PP Defense
1 - 64% - 60% - 4:12
2 - 36% - 40% - 2:24
PK Forward
1 - 70% - 60% - 5:02
2 - 30% - 40% - 2:07
PK Defense
1 - 63% - 60% - 4:32
2 - 37% - 40% - 2:37
PK3 Forward
1 - 0% - 60%
2 - 0% - 40%
PK3 Defense
1 - 0% - 60%
2 - 0% - 40%
44 Forward
1 - 0% - 60%
2 - 0% - 40%
44 Defense
1 - 0% - 60%
2 - 0% - 40%
Last Minute Offensive  - 0:00
Last Minute Defensive  - 0:00
Total
Forward - 60:00
Defense - 60:00

% Time on Ice - Predators

Lines # - Real PCT - Wanted PCT - Time Play
Normal Forward
1 - 30% - 40% - 13:52
2 - 30% - 30% - 14:00
3 - 21% - 16% - 9:32
4 - 19% - 14% - 8:51
Normal Defense
1 - 41% - 40% - 18:49
2 - 35% - 30% - 16:09
3 - 23% - 20% - 10:32
4 - 2% - 10% - 0:45
PP Forward
1 - 62% - 60% - 4:27
2 - 38% - 40% - 2:42
PP Defense
1 - 68% - 60% - 4:53
2 - 32% - 40% - 2:16
PK Forward
1 - 75% - 60% - 4:56
2 - 25% - 40% - 1:40
PK Defense
1 - 66% - 60% - 4:21
2 - 34% - 40% - 2:15
PK3 Forward
1 - 0% - 60%
2 - 0% - 40%
PK3 Defense
1 - 0% - 60%
2 - 0% - 40%
44 Forward
1 - 0% - 60%
2 - 0% - 40%
44 Defense
1 - 0% - 60%
2 - 0% - 40%
Last Minute Offensive  - 0:00
Last Minute Defensive  - 0:00
Total
Forward - 60:00
Defense - 60:00

Play-by-Play

1st period


0:01 of 1st period - Jason Spezza wins face-off versus Mikael Granlund in neutral zone.
0:35 of 1st period - Off-side.
0:36 of 1st period - Alexander Steen wins face-off versus T.J. Hensick in neutral zone.
0:49 of 1st period - Snap shot by T.J. Hensick.
0:49 of 1st period - Deflect By Oskar Osala.
0:49 of 1st period - Stopped by Viktor Fasth with a rebound.
0:51 of 1st period - Wrist shot by David Rundblad.
0:51 of 1st period - Stopped by Viktor Fasth without a rebound.
0:52 of 1st period - Jason Spezza wins face-off versus Scott Laughton in Predators zone.
0:53 of 1st period - Wrist shot by Matt Corrente.
0:53 of 1st period - Stopped by Viktor Fasth without a rebound.
0:54 of 1st period - Jason Spezza wins face-off versus Scott Laughton in Predators zone.
0:55 of 1st period - Wrist shot by Nikolai Kulemin.
0:55 of 1st period - Stopped by Viktor Fasth with a rebound.
1:32 of 1st period - Wrist shot by Alexander Ovechkin.
1:32 of 1st period - Shot Misses the Net.
1:52 of 1st period - Wrist shot by Oskar Osala.
1:52 of 1st period - Stopped by Viktor Fasth without a rebound.
1:53 of 1st period - Jason Spezza wins face-off versus Nik Antropov in Predators zone.
2:35 of 1st period - Snap shot by Alexander Edler.
2:35 of 1st period - Stopped by Ryan Miller with a rebound.
2:37 of 1st period - Snap shot by Ryan Mcdonagh.
2:37 of 1st period - Stopped by Ryan Miller without a rebound.
2:38 of 1st period - Brandon Dubinsky wins face-off versus Mikael Granlund in Sharks zone.
2:38 of 1st period - Brandon Dubinsky is hit by Mikael Granlund.
3:04 of 1st period - John Moore is hit by Drew Doughty and loses puck.
3:27 of 1st period - Wrist shot by Justin Abdelkader.
3:27 of 1st period - Stopped by Ryan Miller without a rebound.
3:28 of 1st period - Scott Laughton wins face-off versus T.J. Hensick in Sharks zone.
3:29 of 1st period - Snap shot by Justin Abdelkader.
3:29 of 1st period - Shot Blocked by Drew Doughty.
4:11 of 1st period - Snap shot by Niclas Bergfors.
4:11 of 1st period - Shot Blocked by Adam Larsson.
4:17 of 1st period - Slapshot by James Van Riemsdyk.
4:17 of 1st period - Shot Misses the Net.
4:19 of 1st period - Backhand shot by Andy Miele.
4:19 of 1st period - Stopped by Ryan Miller with a rebound.
4:21 of 1st period - Wrist shot by Niclas Bergfors.
4:21 of 1st period - Stopped by Ryan Miller with a rebound.
4:30 of 1st period - Off-side.
4:31 of 1st period - Nik Antropov wins face-off versus Brandon Dubinsky in neutral zone.
4:40 of 1st period - Slapshot by Milan Michalek.
4:40 of 1st period - Shot Hit the Post.
4:42 of 1st period - Snap shot by Ben Lovejoy.
4:42 of 1st period - Shot Blocked by Alexander Edler.
5:08 of 1st period - Icing by Jason Spezza.
5:09 of 1st period - Andy Miele wins face-off versus Jason Spezza in Sharks zone.
5:28 of 1st period - Snap shot by Mike Cammalleri.
5:28 of 1st period - Stopped by Viktor Fasth with a rebound.
5:30 of 1st period - Wrist shot by Jason Spezza.
5:30 of 1st period - Deflect By Mike Cammalleri.
5:30 of 1st period - Stopped by Viktor Fasth with a rebound.
6:13 of 1st period - Andy Miele is hit by Matt Carle.
6:39 of 1st period - Wrist shot by Mike Cammalleri.
6:39 of 1st period - Stopped by Viktor Fasth with a rebound.
6:41 of 1st period - Snap shot by Bobby Butler.
6:41 of 1st period - Stopped by Viktor Fasth without a rebound.
6:42 of 1st period - Mikael Granlund wins face-off versus Brandon Dubinsky in Predators zone.
6:59 of 1st period - Snap shot by Mikael Granlund.
6:59 of 1st period - Shot Misses the Net.
7:09 of 1st period - Snap shot by Nik Antropov.
7:09 of 1st period - Stopped by Ryan Miller without a rebound.
7:10 of 1st period - Nik Antropov wins face-off versus T.J. Hensick in Sharks zone.
7:32 of 1st period - Minor Penalty to Nik Antropov for Tripping.
7:33 of 1st period - Justin Abdelkader wins face-off versus Brandon Dubinsky in Predators zone.
7:48 of 1st period - Slapshot by Drew Doughty.
7:48 of 1st period - Shot Blocked by Ryan Mcdonagh.
8:08 of 1st period - Byron Bitz is hit by Drew Doughty and loses puck.
9:32 of 1st period - Penalty to Nik Antropov is over, Nik Antropov is back on ice.
9:39 of 1st period - Slapshot by T.J. Hensick.
9:39 of 1st period - Shot Misses the Net.
9:41 of 1st period - Snap shot by Matt Corrente.
9:41 of 1st period - Stopped by Viktor Fasth without a rebound.
9:42 of 1st period - Andy Miele wins face-off versus T.J. Hensick in Predators zone.
10:29 of 1st period - Alexander Ovechkin is hit by Martins Karsums and loses puck.
10:57 of 1st period - Snap shot by Justin Abdelkader.
10:57 of 1st period - Stopped by Ryan Miller with a rebound.
11:27 of 1st period - Mike Cammalleri is hit by Mikael Granlund and loses puck.
12:06 of 1st period - Backhand shot by Justin Abdelkader.
12:06 of 1st period - Stopped by Ryan Miller with a rebound.
12:08 of 1st period - Slapshot by Nate Schmidt.
12:08 of 1st period - Stopped by Ryan Miller with a rebound.
12:10 of 1st period - Wrist shot by Nate Schmidt.
12:10 of 1st period - Shot Blocked by Jason Spezza.
12:12 of 1st period - Slapshot by Adam Burish.
12:12 of 1st period - Stopped by Ryan Miller without a rebound.
12:13 of 1st period - T.J. Hensick wins face-off versus Mikael Granlund in Sharks zone.
12:13 of 1st period - T.J. Hensick is hit by Ryan Murray.
13:41 of 1st period - Snap shot by Alexander Edler.
13:41 of 1st period - Stopped by Ryan Miller without a rebound.
13:42 of 1st period - Milan Michalek wins face-off versus Mikael Granlund in Sharks zone.
13:42 of 1st period - Milan Michalek is hit by Brendan Gallagher.
14:14 of 1st period - Backhand shot by Oskar Osala.
14:14 of 1st period - Stopped by Viktor Fasth without a rebound.
14:15 of 1st period - Mikael Granlund wins face-off versus Jason Spezza in Predators zone.
14:15 of 1st period - Mikael Granlund is hit by Ben Lovejoy.
14:45 of 1st period - Drew Doughty is hit by Adam Burish and loses puck.
15:04 of 1st period - Brandon Dubinsky is hit by Nik Antropov and loses puck.
15:33 of 1st period - Slapshot by Drew Doughty.
15:33 of 1st period - Deflect By Jason Spezza.
15:33 of 1st period - Shot Blocked by Nate Schmidt.
15:33 of 1st period - Puck is out of play.
15:34 of 1st period - Mikael Granlund wins face-off versus Jason Spezza in Predators zone.
15:51 of 1st period - Wrist shot by Alexander Ovechkin.
15:51 of 1st period - Shot Misses the Net.
16:12 of 1st period - Slapshot by Brandon Dubinsky.
16:12 of 1st period - Shot Misses the Net.
16:38 of 1st period - Minor Penalty to Martins Karsums for Holding.
16:39 of 1st period - Jason Spezza wins face-off versus Mikael Granlund in Sharks zone.
17:12 of 1st period - Snap shot by James Van Riemsdyk.
17:12 of 1st period - Stopped by Ryan Miller without a rebound.
17:13 of 1st period - Mikael Granlund wins face-off versus Jason Spezza in Sharks zone.
17:42 of 1st period - Jason Spezza is hit by Andy Miele.
18:38 of 1st period - Penalty to Martins Karsums is over, Martins Karsums is back on ice.
18:56 of 1st period - Martins Karsums is hit by Adam Burish and loses puck.
19:09 of 1st period - Byron Bitz is hit by Brandon Dubinsky and loses puck.
19:26 of 1st period - Snap shot by Alexander Steen.
19:26 of 1st period - Stopped by Ryan Miller without a rebound.
19:27 of 1st period - Nik Antropov wins face-off versus Brandon Dubinsky in Sharks zone.
19:28 of 1st period - Snap shot by Alexander Steen.
19:28 of 1st period - Stopped by Ryan Miller without a rebound.
19:29 of 1st period - Brandon Dubinsky wins face-off versus Nik Antropov in Sharks zone.
19:54 of 1st period - Adam Larsson is hit by Alexander Ovechkin and loses puck.
19:59 of 1st period - Snap shot by Alexander Ovechkin.
19:59 of 1st period - Stopped by Ryan Miller without a rebound.
Goals for this period are 0 for Sharks vs 0 for Predators.
Shots for this period are 11 for Sharks vs 15 for Predators.

2nd period


0:01 of 2nd period - Jason Spezza wins face-off versus Mikael Granlund in neutral zone.
0:12 of 2nd period - Snap shot by Mike Cammalleri.
0:12 of 2nd period - Shot Blocked by Ryan Mcdonagh.
1:03 of 2nd period - Icing by Ben Lovejoy.
1:04 of 2nd period - T.J. Hensick wins face-off versus Byron Bitz in Sharks zone.
1:10 of 2nd period - Icing by Ben Lovejoy.
1:11 of 2nd period - Brendan Gallagher wins face-off versus Jason Spezza in Sharks zone.
1:48 of 2nd period - Wrist shot by Justin Abdelkader.
1:48 of 2nd period - Deflect By Drew Doughty.
1:48 of 2nd period - Stopped by Ryan Miller without a rebound.
1:49 of 2nd period - Bobby Butler wins face-off versus Mikael Granlund in Sharks zone.
3:02 of 2nd period - Slapshot by Ryan Murray.
3:02 of 2nd period - Stopped by Ryan Miller without a rebound.
3:03 of 2nd period - Mikael Granlund wins face-off versus T.J. Hensick in Sharks zone.
3:10 of 2nd period - Snap shot by T.J. Hensick.
3:10 of 2nd period - Shot Misses the Net.
3:15 of 2nd period - Minor Penalty to Brendan Gallagher for High sticking.
3:16 of 2nd period - Justin Abdelkader wins face-off versus Jason Spezza in Predators zone.
3:32 of 2nd period - Justin Abdelkader is hit by Jason Spezza and loses puck.
3:48 of 2nd period - Slapshot by Drew Doughty.
3:48 of 2nd period - Stopped by Viktor Fasth without a rebound.
3:49 of 2nd period - Jason Spezza wins face-off versus Alexander Ovechkin in Predators zone.
4:12 of 2nd period - Slapshot by Stefan Ruzicka.
4:12 of 2nd period - Stopped by Viktor Fasth without a rebound.
4:13 of 2nd period - Brandon Dubinsky wins face-off versus Justin Abdelkader in Predators zone.
4:20 of 2nd period - Milan Michalek is hit by Adam Burish.
5:15 of 2nd period - Penalty to Brendan Gallagher is over, Brendan Gallagher is back on ice.
5:35 of 2nd period - Wrist shot by Niclas Bergfors.
5:35 of 2nd period - Stopped by Ryan Miller with a rebound.
5:59 of 2nd period - Drew Doughty is hit by Brendan Gallagher and loses puck.
6:57 of 2nd period - John Moore is hit by Oskar Osala and loses puck.
7:33 of 2nd period - Minor Penalty to Stefan Ruzicka for Charging.
7:34 of 2nd period - Mikael Granlund wins face-off versus Jason Spezza in Sharks zone.
8:22 of 2nd period - Jason Spezza is hit by Ryan Mcdonagh and loses puck.
8:53 of 2nd period - Wrist shot by Oskar Osala.
8:53 of 2nd period - Stopped by Viktor Fasth with a rebound.
9:19 of 2nd period - Adam Larsson is hit by Brendan Gallagher and loses puck.
9:33 of 2nd period - Penalty to Stefan Ruzicka is over, Stefan Ruzicka is back on ice.
11:51 of 2nd period - Byron Bitz is hit by Nikolai Kulemin and loses puck.
12:43 of 2nd period - Matt Carle is hit by Mikael Granlund and loses puck.
12:56 of 2nd period - Martins Karsums is hit by Niclas Bergfors and loses puck.
13:23 of 2nd period - Ben Lovejoy is hit by Byron Bitz and loses puck.
13:30 of 2nd period - Snap shot by Byron Bitz.
13:30 of 2nd period - Shot Blocked by Drew Doughty.
13:32 of 2nd period - Slapshot by John Moore.
13:32 of 2nd period - Stopped by Ryan Miller without a rebound.
13:33 of 2nd period - Brandon Dubinsky wins face-off versus Mikael Granlund in Sharks zone.
13:54 of 2nd period - Snap shot by Ben Lovejoy.
13:54 of 2nd period - Stopped by Viktor Fasth without a rebound.
13:55 of 2nd period - Andy Miele wins face-off versus T.J. Hensick in Predators zone.
14:00 of 2nd period - Oskar Osala is hit by Andy Miele and loses puck.
14:28 of 2nd period - Adam Larsson is hit by Alexander Ovechkin.
14:38 of 2nd period - Slapshot by Jason Spezza.
14:38 of 2nd period - Stopped by Viktor Fasth without a rebound.
14:39 of 2nd period - Nik Antropov wins face-off versus Jason Spezza in Predators zone.
14:55 of 2nd period - Off-side.
14:56 of 2nd period - Brandon Dubinsky wins face-off versus Mikael Granlund in neutral zone.
15:06 of 2nd period - Ryan Mcdonagh is hit by Drew Doughty and loses puck.
15:12 of 2nd period - Minor Penalty to Stefan Ruzicka for Holding.
15:13 of 2nd period - Alexander Ovechkin wins face-off versus Jason Spezza in Sharks zone.
15:17 of 2nd period - Wrist shot by Alexander Ovechkin.
15:17 of 2nd period - Stopped by Ryan Miller without a rebound.
15:18 of 2nd period - Mikael Granlund wins face-off versus Jason Spezza in Sharks zone.
15:25 of 2nd period - Wrist shot by Mikael Granlund.
15:25 of 2nd period - Stopped by Ryan Miller with a rebound.
15:27 of 2nd period - Slapshot by Brendan Gallagher.
15:27 of 2nd period - Stopped by Ryan Miller with a rebound.
15:29 of 2nd period - Snap shot by Mikael Granlund.
15:29 of 2nd period - Shot Blocked by Drew Doughty.
15:31 of 2nd period - Backhand shot by Alexander Edler.
15:31 of 2nd period - Goal by Alexander Edler - Sharks : 0 - Predators : 1.
15:32 of 2nd period - Mikael Granlund wins face-off versus Jason Spezza in neutral zone.
15:41 of 2nd period - Wrist shot by Mikael Granlund.
15:41 of 2nd period - Deflect By Brendan Gallagher.
15:41 of 2nd period - Stopped by Ryan Miller with a rebound.
15:43 of 2nd period - Snap shot by Brendan Gallagher.
15:43 of 2nd period - Deflect By Jason Spezza.
15:43 of 2nd period - Goal by Brendan Gallagher - Sharks : 0 - Predators : 2.
15:44 of 2nd period - Alexander Ovechkin wins face-off versus Jason Spezza in neutral zone.
15:50 of 2nd period - Minor Penalty to Bobby Butler for Roughing.
15:51 of 2nd period - Mikael Granlund wins face-off versus Jason Spezza in Sharks zone.
15:51 of 2nd period - Snap shot by Alexander Ovechkin.
15:51 of 2nd period - Deflect By Brendan Gallagher.
15:51 of 2nd period - Shot Misses the Net.
15:51 of 2nd period - Puck is out of play.
15:52 of 2nd period - Jason Spezza wins face-off versus Mikael Granlund in Sharks zone.
16:19 of 2nd period - Wrist shot by Ryan Mcdonagh.
16:19 of 2nd period - Deflect By Brendan Gallagher.
16:19 of 2nd period - Stopped by Ryan Miller with a rebound.
16:43 of 2nd period - Snap shot by Alexander Ovechkin.
16:43 of 2nd period - Goal by Alexander Ovechkin - Sharks : 0 - Predators : 3.
16:44 of 2nd period - Jason Spezza wins face-off versus Andy Miele in neutral zone.
16:58 of 2nd period - Slapshot by Denis Grebeshkov.
16:58 of 2nd period - Deflect By Niclas Bergfors.
16:58 of 2nd period - Stopped by Ryan Miller with a rebound.
17:00 of 2nd period - Slapshot by Niclas Bergfors.
17:00 of 2nd period - Shot Misses the Net.
17:12 of 2nd period - Snap shot by Stefan Ruzicka.
17:12 of 2nd period - Shot Misses the Net.
17:14 of 2nd period - Backhand shot by David Rundblad.
17:14 of 2nd period - Deflect By Milan Michalek.
17:14 of 2nd period - Shot Blocked by Adam Burish.
17:14 of 2nd period - Puck is out of play.
17:15 of 2nd period - Mikael Granlund wins face-off versus Brandon Dubinsky in Predators zone.
17:15 of 2nd period - Mikael Granlund is hit by Stefan Ruzicka.
17:18 of 2nd period - Minor Penalty to Alexander Edler for High sticking.
17:19 of 2nd period - Justin Abdelkader wins face-off versus Jason Spezza in Predators zone.
17:19 of 2nd period - Justin Abdelkader is hit by Mike Cammalleri.
17:30 of 2nd period - Snap shot by Justin Abdelkader.
17:30 of 2nd period - Shot Misses the Net.
17:35 of 2nd period - Icing by Jason Spezza.
17:36 of 2nd period - Jason Spezza wins face-off versus Justin Abdelkader in Sharks zone.
17:57 of 2nd period - Snap shot by Jason Spezza.
17:57 of 2nd period - Goal by Jason Spezza - Sharks : 1 - Predators : 3.
17:58 of 2nd period - Jason Spezza wins face-off versus Mikael Granlund in neutral zone.
18:31 of 2nd period - Snap shot by Brandon Dubinsky.
18:31 of 2nd period - Goal by Brandon Dubinsky - Sharks : 2 - Predators : 3.
18:32 of 2nd period - Jason Spezza wins face-off versus Mikael Granlund in neutral zone.
18:59 of 2nd period - James Van Riemsdyk is hit by Drew Doughty and loses puck.
19:06 of 2nd period - Snap shot by John Moore.
19:06 of 2nd period - Stopped by Ryan Miller with a rebound.
19:22 of 2nd period - Ryan Murray is hit by Ben Lovejoy and loses puck.
19:44 of 2nd period - Icing by Mike Cammalleri.
19:45 of 2nd period - Nik Antropov wins face-off versus Jason Spezza in Sharks zone.
Goals for this period are 2 for Sharks vs 3 for Predators.
Shots for this period are 7 for Sharks vs 14 for Predators.

3rd period


0:01 of 3rd period - Mikael Granlund wins face-off versus Jason Spezza in neutral zone.
0:34 of 3rd period - Snap shot by Adam Burish.
0:34 of 3rd period - Stopped by Ryan Miller with a rebound.
0:50 of 3rd period - Drew Doughty is hit by Denis Grebeshkov and loses puck.
1:01 of 3rd period - Snap shot by Jason Spezza.
1:01 of 3rd period - Stopped by Viktor Fasth with a rebound.
1:03 of 3rd period - Snap shot by Jason Spezza.
1:03 of 3rd period - Stopped by Viktor Fasth with a rebound.
1:19 of 3rd period - Backhand shot by James Van Riemsdyk.
1:19 of 3rd period - Stopped by Ryan Miller without a rebound.
1:20 of 3rd period - Mikael Granlund wins face-off versus Brandon Dubinsky in Sharks zone.
1:27 of 3rd period - Snap shot by Mikael Granlund.
1:27 of 3rd period - Stopped by Ryan Miller without a rebound.
1:28 of 3rd period - Mikael Granlund wins face-off versus Brandon Dubinsky in Sharks zone.
1:57 of 3rd period - Snap shot by Martins Karsums.
1:57 of 3rd period - Shot Blocked by Mikael Granlund.
1:59 of 3rd period - Minor Penalty to Alexander Ovechkin for Holding.
2:00 of 3rd period - Brandon Dubinsky wins face-off versus Justin Abdelkader in Predators zone.
2:15 of 3rd period - Backhand shot by Drew Doughty.
2:15 of 3rd period - Stopped by Viktor Fasth without a rebound.
2:16 of 3rd period - Justin Abdelkader wins face-off versus Jason Spezza in Predators zone.
2:25 of 3rd period - Slapshot by Bobby Butler.
2:25 of 3rd period - Stopped by Viktor Fasth with a rebound.
2:27 of 3rd period - Wrist shot by Mike Cammalleri.
2:27 of 3rd period - Shot Misses the Net.
2:29 of 3rd period - Wrist shot by Bobby Butler.
2:29 of 3rd period - Stopped by Viktor Fasth with a rebound.
2:31 of 3rd period - Slapshot by Ben Lovejoy.
2:31 of 3rd period - Stopped by Viktor Fasth without a rebound.
2:32 of 3rd period - Jason Spezza wins face-off versus Adam Burish in Predators zone.
2:33 of 3rd period - Slapshot by Drew Doughty.
2:33 of 3rd period - Stopped by Viktor Fasth with a rebound.
2:35 of 3rd period - Wrist shot by Bobby Butler.
2:35 of 3rd period - Deflect By Jason Spezza.
2:35 of 3rd period - Shot Blocked by Alexander Edler.
2:35 of 3rd period - Puck is out of play.
2:36 of 3rd period - Justin Abdelkader wins face-off versus Mike Cammalleri in Predators zone.
3:59 of 3rd period - Penalty to Alexander Ovechkin is over, Alexander Ovechkin is back on ice.
5:04 of 3rd period - Slapshot by Ryan Mcdonagh.
5:04 of 3rd period - Shot Blocked by Oskar Osala.
5:06 of 3rd period - Slapshot by Ryan Mcdonagh.
5:06 of 3rd period - Shot Blocked by T.J. Hensick.
5:08 of 3rd period - Slapshot by Alexander Edler.
5:08 of 3rd period - Stopped by Ryan Miller without a rebound.
5:09 of 3rd period - Alexander Ovechkin wins face-off versus Jason Spezza in Sharks zone.
5:20 of 3rd period - Snap shot by Mikael Granlund.
5:20 of 3rd period - Shot Misses the Net.
8:41 of 3rd period - Bobby Butler is hit by Andy Miele and loses puck.
9:13 of 3rd period - David Rundblad is hit by Adam Burish and loses puck.
9:20 of 3rd period - Snap shot by Adam Burish.
9:20 of 3rd period - Shot Misses the Net.
9:22 of 3rd period - Snap shot by Adam Burish.
9:22 of 3rd period - Shot Blocked by David Rundblad.
9:39 of 3rd period - Matt Corrente is hit by Mikael Granlund and loses puck.
9:50 of 3rd period - Ryan Mcdonagh is hit by Matt Corrente.
10:16 of 3rd period - Bobby Butler is hit by Scott Laughton and loses puck.
11:31 of 3rd period - Slapshot by Alexander Edler.
11:31 of 3rd period - Stopped by Ryan Miller without a rebound.
11:32 of 3rd period - Scott Laughton wins face-off versus T.J. Hensick in Sharks zone.
11:41 of 3rd period - Justin Abdelkader is hit by T.J. Hensick and loses puck.
11:58 of 3rd period - Wrist shot by Brendan Gallagher.
11:58 of 3rd period - Goal by Brendan Gallagher - Sharks : 2 - Predators : 4.
11:59 of 3rd period - Mikael Granlund wins face-off versus Jason Spezza in neutral zone.
12:04 of 3rd period - Wrist shot by Alexander Ovechkin.
12:04 of 3rd period - Shot Misses the Net.
12:06 of 3rd period - Wrist shot by Ryan Mcdonagh.
12:06 of 3rd period - Shot Misses the Net.
12:22 of 3rd period - Minor Penalty to Bobby Butler for Interference.
12:23 of 3rd period - Brendan Gallagher wins face-off versus Jason Spezza in Sharks zone.
12:32 of 3rd period - Ryan Mcdonagh is hit by Jason Spezza and loses puck.
13:19 of 3rd period - Off-side.
13:20 of 3rd period - Mikael Granlund wins face-off versus Milan Michalek in neutral zone.
13:23 of 3rd period - Slapshot by Brendan Gallagher.
13:23 of 3rd period - Stopped by Ryan Miller with a rebound.
14:22 of 3rd period - Penalty to Bobby Butler is over, Bobby Butler is back on ice.
15:06 of 3rd period - Wrist shot by Stefan Ruzicka.
15:06 of 3rd period - Stopped by Viktor Fasth with a rebound.
15:43 of 3rd period - Icing by Mikael Granlund.
15:44 of 3rd period - Brandon Dubinsky wins face-off versus Scott Laughton in Predators zone.
15:45 of 3rd period - Snap shot by Zach Boychuk.
15:45 of 3rd period - Stopped by Viktor Fasth with a rebound.
16:38 of 3rd period - James Van Riemsdyk is hit by Matt Corrente and loses puck.
17:18 of 3rd period - Ryan Mcdonagh is hit by David Rundblad.
17:54 of 3rd period - Brendan Gallagher is hit by Milan Michalek and loses puck.
18:11 of 3rd period - Brendan Gallagher is hit by Brandon Dubinsky and loses puck.
18:25 of 3rd period - Off-side.
18:26 of 3rd period - Nikolai Kulemin wins face-off versus Andy Miele in neutral zone.
18:45 of 3rd period - Snap shot by Nate Schmidt.
18:45 of 3rd period - Shot Blocked by T.J. Hensick.
18:47 of 3rd period - Slapshot by Nate Schmidt.
18:47 of 3rd period - Shot Misses the Net.
18:49 of 3rd period - Slapshot by Denis Grebeshkov.
18:49 of 3rd period - Stopped by Ryan Miller with a rebound.
18:51 of 3rd period - Slapshot by James Van Riemsdyk.
18:51 of 3rd period - Stopped by Ryan Miller with a rebound.
18:53 of 3rd period - Slapshot by Ryan Murray.
18:53 of 3rd period - Stopped by Ryan Miller with a rebound.
18:55 of 3rd period - Wrist shot by Ryan Murray.
18:55 of 3rd period - Deflect By James Van Riemsdyk.
18:55 of 3rd period - Stopped by Ryan Miller with a rebound.
19:07 of 3rd period - Slapshot by T.J. Hensick.
19:07 of 3rd period - Stopped by Viktor Fasth with a rebound.
19:09 of 3rd period - Wrist shot by Nikolai Kulemin.
19:09 of 3rd period - Deflect By T.J. Hensick.
19:09 of 3rd period - Stopped by Viktor Fasth without a rebound.
19:10 of 3rd period - Brandon Dubinsky wins face-off versus Nik Antropov in Predators zone.
19:25 of 3rd period - Wrist shot by Stefan Ruzicka.
19:25 of 3rd period - Stopped by Viktor Fasth without a rebound.
19:26 of 3rd period - Andy Miele wins face-off versus Milan Michalek in Predators zone.
19:31 of 3rd period - Slapshot by Alexander Edler.
19:31 of 3rd period - Shot Blocked by Milan Michalek.
19:33 of 3rd period - Snap shot by Alexander Edler.
19:33 of 3rd period - Shot Misses the Net.
Goals for this period are 0 for Sharks vs 1 for Predators.
Shots for this period are 12 for Sharks vs 11 for Predators.